 Dungeon Crawl Stone Soup version 0.21.0-25-ge575cb9 (webtiles) character file.

18868 dobroeutro the Carver (level 12, -4/100 HPs)
             Began as a Demonspawn Fighter on Jan 24, 2018.
             Was a High Priest of Okawaru.
             Killed from afar by a gargoyle (24 damage)
             ... with a stone arrow
             ... on level 14 of the Dungeon.
             The game lasted 00:28:20 (13367 turns).

dobroeutro the Carver (Demonspawn Fighter)         Turns: 13367, Time: 00:28:20

Health: -4/100     AC: 10    Str: 22    XL:     12   Next: 31%
Magic:  15/15      EV: 14    Int: 13    God:    Okawaru [*****.]
Gold:   1001       SH: 11    Dex: 12    Spells: 11/11 levels left

rFire    . . .     SeeInvis +   y - +6 long sword of Unreason {freeze, Int+3 Stlth+}
rCold    + . .     Gourm    .   c - +1 shield
rNeg     . . .     Faith    .   O - +0 troll leather armour
rPois    .         Spirit   .   (helmet restricted)
rElec    .         Reflect  .   D - +0 cloak
rCorr    .         Harm     .   a - +0 pair of gloves
MR       .....                  P - -1 pair of boots
Stlth    ++........             r - amulet of regeneration
HPRegen  1.06/turn              m - ring of protection from cold
MPRegen  0.14/turn              e - ring of see invisible

@: lethally poisoned (-4 -> -5), slowed, very slow
A: horns 2, rugged brown scales 2, demonic guardian 1, rot immunity
a: Heroism, Finesse, Renounce Religion


You were on level 14 of the Dungeon.
You worshipped Okawaru.
Okawaru was extremely pleased with you.
You were not hungry.

You visited 2 branches of the dungeon, and saw 15 of its levels.
You also visited: Sewer.

You collected 1001 gold pieces.

Inventory:

Hand Weapons
 k - a +0 scimitar of flaming
 y - the +6 long sword of Unreason (weapon) {freeze, Int+3 Stlth+}
   (You found it on level 5 of the Dungeon)

   It has been specially enchanted to freeze those struck by it, causing extra
   injury to most foes and up to half again as much damage against particularly
   susceptible opponents.
   It can also slow down cold-blooded creatures.
   It affects your intelligence (+3).
   It makes you more stealthy.
 K - a +4 falchion
Armour
 a - a +0 pair of gloves (worn)
 b - a +0 scale mail
 c - a +1 shield (worn)
 D - a +0 cloak (worn)
 O - a +0 troll leather armour (worn)
 P - a -1 pair of boots (worn)
Jewellery
 e - a ring of see invisible (right hand)
 l - an uncursed amulet of guardian spirit
 m - a ring of protection from cold (left hand)
 r - an amulet of regeneration (around neck)
 F - a cursed -5 ring of protection
 Q - an uncursed ring of wizardry
 S - a +5 amulet of reflection
Wands
 d - a wand of random effects (80)
 g - a wand of polymorph (11)
 u - a wand of disintegration (11)
 w - a wand of digging (11)
 C - a wand of flame (72)
 M - a wand of paralysis (8)
Scrolls
 i - 4 scrolls of identify
 v - a scroll of enchant armour
 x - 3 scrolls of remove curse
 A - a scroll of enchant weapon
Potions
 h - 6 potions of flight
 j - a potion of heal wounds
 n - 3 potions of ambrosia
 o - a potion of cancellation {unknown}
 q - 2 potions of might
 s - 8 potions of curing
 t - a potion of brilliance {unknown}
 z - 2 potions of magic
 B - a potion of degeneration {unknown}
 E - a potion of agility
 I - a potion of haste {unknown}
 J - 3 potions of lignification
 N - a potion of mutation {unknown}
Comestibles
 f - 26 rations
 p - 6 chunks of flesh


   Skills:
 + Level 9.5 Fighting
 + Level 11.4 Long Blades
 + Level 8.7 Armour
 + Level 8.1 Dodging
 - Level 5.0 Shields
 - Level 4.1 Invocations


You had 11 spell levels left.
You didn't know any spells.

Dungeon Overview and Level Annotations

Branches:
Dungeon (14/15)            Temple (1/1) D:6            Lair (0/6) D:11
    Orc (0/2) D:9
 Vaults: D:13-14

Altars:
Ashenzari
Cheibriados
Dithmenos
Elyvilon
Fedhas
Gozag
Hepliaklqana
Kikubaaqudgha
Makhleb
Okawaru
Ru
Sif Muna
Uskayaw
Vehumet
Wu Jian
Xom
Yredelemnul
The Shining One

Shops:
D:8 *   D:13 [   D:14 ?[

Annotations:
D:11 exclusion: oklob plant
D:14 Sonja


Innate Abilities, Weirdness & Mutations

You have a pair of horns on your head.
You are mostly covered in rugged brown scales. (AC +2, +5% HP)
A weak demonic guardian rushes to your aid.
You are immune to rotting.


Message History

Sonja plants her feet in a plie.
Unknown command.
You barely miss Sonja.
Your surroundings suddenly seem different.
You feel sick.
The centaur shoots an arrow.
You block the arrow.
The centaur wields a shortbow.
The centaur shoots an arrow.
You block the arrow.
The centaur shoots an arrow.
The arrow barely misses you.
Found an arrow.
A worker ant and a gargoyle come into view.
As you read the scroll of fear, it crumbles to dust.
You assume a fearsome visage.
The worker ant looks frightened!
The worker ant twitches its antennae in your direction.
The gargoyle is unaffected.
The centaur looks frightened! x2; You feel sick.
The worker ant waves its antennae.
The gargoyle hurls a stone arrow at you.
You block the stone arrow.
You feel sick.
The centaur shoots an arrow.
You block the arrow.
The gargoyle hurls a stone arrow at you.
The stone arrow hits you!
You die...

'######################
.........c.(K(.5.(......
..........(######.......
.......(/cc######.......
........(..............
.......................
..†................#
...............(...#####
................@(......
...............9........
........................
...........a............
########################


You could see a centaur warrior, a gargoyle, a centaur and a worker ant
(fleeing).

Vanquished Creatures
  A catoblepas (D:14)
  3 two-headed ogres
  A centaur warrior (D:12)
  A tengu warrior (D:13)
  Urug (D:11)
  An unseen horror (D:11)
  An ugly thing (D:12)
  A manticore (D:14)
  3 cyclopes
  Maurice (D:8)
  A gargoyle (D:9)
  A kobold demonologist (D:11)
  An efreet (D:11)
  5 trolls
  Grinder (D:4)
  2 hippogriffs
  Sigmund (D:3)
  A shadow (D:11)
  A wyvern (D:11)
  A vampire (D:10)
  4 wraiths
  6 vampire mosquitoes (D:13)
  Menkaure (D:5)
  Edmund (D:6)
  2 soldier ants
  An acid dragon (D:10)
  A water moccasin (D:5)
  An ice beast (D:5)
  2 black bears
  A hornet zombie (D:5)
  6 orc warriors
  An eye of draining (D:9)
  2 phantoms
  2 sky beasts
  3 ogres
  7 centaurs
  A crocodile (D:11)
  4 big kobolds
  5 bullfrogs
  A gnoll sergeant (D:5)
  A wyvern skeleton (D:13)
  4 scorpions
  4 killer bees
  4 wights
  2 electric eels (D:13)
  A howler monkey (D:6)
  4 crimson imps
  A quasit (D:12)
  3 centaur zombies
  7 hounds
  2 bullfrog zombies (D:9)
  2 gnoll shamans (D:6)
  6 orc priests
  3 iron imps (D:5)
  2 jellies
  16 orc wizards
  Crazy Yiuf (D:5)
  4 bullfrog skeletons
  2 centaur skeletons
  An iguana (D:11)
  11 worker ants
  3 hound skeletons
  2 worker ant zombies
  16 gnolls
  16 adders
  2 river rats (Sewer)
  5 shadow imps
  An ooze (D:6)
  An adder skeleton (D:8)
  5 dart slugs
  8 leopard geckos
  47 orcs
  10 giant cockroaches
  6 goblins
  9 hobgoblins
  16 jackals
  12 kobolds
  5 quokkas
  5 ball pythons
  A bat (D:1)
  5 frilled lizards
  A leopard gecko zombie (D:7)
  2 quokka skeletons
  7 rats
347 creatures vanquished.

Vanquished Creatures (collateral kills)
  A catoblepas (D:12)
  A rust devil (D:10)
  An orc wizard (D:7)
  A gnoll (D:7)
  3 orcs
7 creatures vanquished.

Vanquished Creatures (others)
  An electric eel (D:13)
  An orc (D:13)
  A plant (D:11)
3 creatures vanquished.

Grand Total: 357 creatures vanquished

Notes
Turn   | Place    | Note
-------+----------+-------------------------------------------
     0 | D:1      | dobroeutro the Demonspawn Fighter began the quest for the Orb.
     0 | D:1      | Reached XP level 1. HP: 18/18 MP: 1/1
    56 | D:1      | Reached skill level 2 in Long Blades
    82 | D:1      | Gained mutation: You have a pair of small horns on your head. [demonic ancestry]
    82 | D:1      | Reached XP level 2. HP: 16/24 MP: 2/2
   428 | D:1      | Reached skill level 3 in Long Blades
   798 | D:2      | Reached XP level 3. HP: 23/29 MP: 3/3
  1181 | D:2      | Found an opulent altar of Gozag.
  1760 | D:3      | Reached skill level 4 in Long Blades
  1760 | D:3      | Reached XP level 4. HP: 31/35 MP: 2/4
  2567 | D:3      | Noticed Sigmund
  2577 | D:3      | Killed Sigmund
  2577 | D:3      | Reached skill level 5 in Long Blades
  2577 | D:3      | Reached XP level 5. HP: 14/41 MP: 1/5
  2577 | D:3      | Gained mutation: You are partially covered in rugged brown scales. (AC +1, +3% HP) [demonic ancestry]
  2577 | D:3      | Reached XP level 6. HP: 14/48 MP: 1/6
  2945 | D:4      | Reached skill level 6 in Long Blades
  2983 | D:4      | Found a glowing drain.
  3003 | Sewer    | Entered a sewer
  3183 | Sewer    | Found a white marble altar of Elyvilon.
  3372 | D:4      | Noticed Grinder
  3384 | D:4      | Killed Grinder
  3384 | D:4      | Reached skill level 7 in Long Blades
  3384 | D:4      | Gained mutation: You have a pair of horns on your head. [demonic ancestry]
  3384 | D:4      | Reached XP level 7. HP: 53/53 MP: 4/7
  4078 | D:5      | Entered Level 5 of the Dungeon
  4284 | D:5      | Reached skill level 8 in Long Blades
  4313 | D:5      | Got a steaming long sword
  4323 | D:5      | Identified the +6 long sword of Unreason {freeze, Int+3 Stlth+} (You found it on level 5 of the Dungeon)
  4408 | D:5      | Reached skill level 1 in Dodging
  4408 | D:5      | Gained mutation: A weak demonic guardian rushes to your aid. [demonic ancestry]
  4408 | D:5      | Reached XP level 8. HP: 22/59 MP: 4/8
  4436 | D:5      | HP: 2/59 [poisoned by a water moccasin]
  4444 | D:5      | HP: 2/59 [poisoned by a water moccasin]
  5134 | D:5      | Noticed Menkaure
  5482 | D:5      | Killed Menkaure
  5783 | D:5      | Found a runed door.
  5869 | D:5      | Found a burning altar of Makhleb.
  6026 | D:5      | Noticed Crazy Yiuf
  6030 | D:5      | Killed Crazy Yiuf
  6197 | D:6      | Found a staircase to the Ecumenical Temple.
  6256 | Temple   | Entered the Ecumenical Temple
  6345 | Temple   | Became a worshipper of Warmaster Okawaru
  6425 | D:6      | Found a deep blue altar of Sif Muna.
  6426 | D:6      | Noticed Edmund
  6445 | D:6      | Killed Edmund
  6448 | D:6      | Reached XP level 9. HP: 54/67 MP: 6/9
  6511 | D:6      | Noticed a cyclops
  6667 | D:6      | Reached skill level 9 in Long Blades
  7422 | D:7      | Reached skill level 5 in Fighting
  7606 | D:7      | Reached * piety under Okawaru
  7918 | D:8      | Noticed Maurice
  7927 | D:8      | Killed Maurice
  7927 | D:8      | Reached skill level 1 in Invocations
  8033 | D:8      | Reached skill level 5 in Armour
  8033 | D:8      | Reached skill level 5 in Shields
  8138 | D:8      | Found Joataxzo's Elemental Accessories.
  8464 | D:9      | Reached ** piety under Okawaru
  8662 | D:9      | Found a staircase to the Orcish Mines.
  8695 | D:9      | Reached XP level 10. HP: 78/78 MP: 12/12
  9025 | D:9      | Noticed a gargoyle
  9046 | D:9      | Killed a gargoyle
  9359 | D:10     | Entered Level 10 of the Dungeon
  9376 | D:9      | Noticed a rust devil
  9376 | D:9      | Noticed a rust devil
  9815 | D:10     | Killed a rust devil
  9815 | D:10     | Reached skill level 5 in Dodging
  9907 | D:11     | Reached *** piety under Okawaru
  9913 | D:11     | Was placed under penance by Okawaru
  9963 | D:11     | Noticed a two-headed ogre
 10216 | D:10     | Noticed a two-headed ogre
 10232 | D:10     | Killed a two-headed ogre
 10232 | D:10     | Was forgiven by Okawaru
 10232 | D:10     | Reached skill level 10 in Long Blades
 10345 | D:11     | Noticed Urug
 10346 | D:11     | Noticed an oklob plant
 10467 | D:11     | Noticed a cyclops
 10476 | D:11     | Killed a cyclops
 10526 | D:11     | Noticed an unseen horror
 10568 | D:11     | Killed Urug
 10568 | D:11     | Gained mutation: You are immune to rotting. [demonic ancestry]
 10568 | D:11     | Reached XP level 11. HP: 41/86 MP: 12/14
 10653 | D:11     | Killed a two-headed ogre
 10721 | D:11     | Killed an unseen horror
 10730 | D:11     | Reached **** piety under Okawaru
 10734 | D:11     | Found a staircase to the Lair.
 11516 | D:12     | Reached ***** piety under Okawaru
 11732 | D:12     | Noticed a purple ugly thing
 11742 | D:12     | Killed a purple ugly thing
 12199 | D:13     | Received a gift from Okawaru
 12214 | D:13     | Noticed a catoblepas
 12271 | D:12     | Killed a catoblepas
 12336 | D:13     | Reached skill level 11 in Long Blades
 12370 | D:13     | Received a gift from Okawaru
 12522 | D:13     | Found Ichisoen's Armour Shoppe.
 12551 | D:13     | Noticed a tengu warrior
 12560 | D:13     | Killed a tengu warrior
 12585 | D:13     | Noticed a two-headed ogre
 12587 | D:13     | Noticed a centaur warrior
 12696 | D:12     | Killed a two-headed ogre
 12696 | D:12     | Gained mutation: You are mostly covered in rugged brown scales. (AC +2, +5% HP) [demonic ancestry]
 12696 | D:12     | Reached XP level 12. HP: 59/99 MP: 12/15
 12700 | D:12     | Killed a centaur warrior
 13225 | D:14     | Found Imel's Magic Scroll Boutique.
 13225 | D:14     | Found Utoussuc's Antique Armour Emporium.
 13230 | D:14     | Noticed a catoblepas
 13255 | D:14     | Killed a catoblepas
 13356 | D:14     | Noticed Sonja
 13357 | D:14     | Noticed a centaur warrior
 13367 | D:14     | Killed from afar by a gargoyle

Skill      XL: |  1  2  3  4  5  6  7  8  9 10 11 12 |
---------------+-------------------------------------+-----
Long Blades    | 2 3 4 5 7 8 9 10 11 | 11.4
Armour         | 3 4 5 6 8 |  8.7
Dodging        | 1 2 4 6 7 8 |  8.1
Shields        | 3 4 5 |  5.0
Fighting       | 4 5 7 9 |  9.5
Invocations    | 3 4 |  4.1

Action                   |  1- 3 |  4- 6 |  7- 9 | 10-12 || total
-------------------------+-------+-------+-------+-------++-------
Melee: Long sword        |   125 |   140 |   334 |   484 ||  1083
       Headbutt          |    19 |    19 |    58 |   116 ||   212
       Scimitar          |       |       |       |    11 ||    11
Invok: Heroism           |       |       |       |     9 ||     9
Evoke: Wand              |       |       |       |     2 ||     2
  Use: Potion            |       |     2 |       |     3 ||     5
       Scroll            |       |     6 |    10 |    11 ||    27
 Stab: Sleeping          |       |       |       |     6 ||     6
       Distracted        |       |       |       |     2 ||     2
       Petrified         |       |       |       |     3 ||     3
  Eat: Chunk             |     3 |     5 |    10 |    13 ||    31
       Ration            |       |       |     2 |     1 ||     3
Armor: Scale mail        |    54 |    59 |    90 |    10 ||   213
       Skin              |       |     3 |     2 |       ||     5
       Troll leather arm |       |       |       |    86 ||    86
Dodge: Dodged            |    39 |    53 |    91 |   189 ||   372
Block: Shield            |    69 |    65 |   149 |   245 ||   528
       Rpst.: Long sword |    13 |    16 |    25 |    40 ||    94
       Scimitar          |       |       |       |     3 ||     3
